 Dungeon Crawl Stone Soup version 0.24-b1-48-gd9db55c (webtiles) character file.

Game seed: 4041428481065322636, levelgen mode: deterministic

669 Fang the Skirmisher (level 7, 0/46 HPs)
             Began as a Gargoyle Berserker on Oct 24, 2019.
             Was an Elder of Trog.
             Killed from afar by an orc wizard (9 damage)
             ... with a magic dart
             ... on level 4 of the Dungeon.
             The game lasted 00:03:00 (2718 turns).

Fang the Skirmisher (Gargoyle Berserker)            Turns: 2718, Time: 00:03:01

Health: 0/46       AC: 16    Str: 21 (22) XL:     7   Next: 58%
Magic:  7/7        EV:  8    Int:  7 (8)  God:    Trog [****..]
Gold:   226        SH:  0    Dex:  7 (9)  Spells: 6/6 levels left

rFire    . . .     SeeInvis .   a - +0 hand axe
rCold    . . .     Gourm    .   (no shield)
rNeg     + . .     Faith    .   b - +0 chain mail
rPois    ∞         Spirit   .   (no helmet)
rElec    +         Reflect  .   (no cloak)
rCorr    .         Harm     .   z - +1 pair of gloves
MR       .....                  (no boots)
Stlth    ..........             (no amulet)
HPRegen  0.15/turn              (no ring)
MPRegen  0.10/turn              (no ring)

@: confused, berserk cooldown, hasted and slowed
A: negative energy resistance 1, electricity resistance, unbreathing,
petrification resistance, rot immunity, AC +4
a: Berserk, Trog's Hand, Brothers in Arms, Renounce Religion


You were on level 4 of the Dungeon.
You worshipped Trog.
Trog was greatly pleased with you.
You were very hungry.

You visited 1 branch of the dungeon, and saw 4 of its levels.
You also visited: Sewer.

You collected 226 gold pieces.

Inventory:

Hand Weapons
 a - a +0 hand axe (weapon)
Armour
 b - a +0 chain mail (worn)
 z - a +1 pair of gloves (worn)
Jewellery
 w - an uncursed ring of protection from magic
Wands
 i - a wand of flame (13)
Scrolls
 h - 5 scrolls of identify {unknown}
 j - 3 scrolls of teleportation {unknown}
 l - 2 scrolls of enchant weapon {unknown}
 n - 2 scrolls of remove curse {unknown}
 s - 2 scrolls of random uselessness {unknown}
 t - a scroll of fear {unknown}
 u - a scroll of enchant armour {unknown}
 y - a scroll of amnesia {unknown}
 A - a scroll of magic mapping {unknown}
Potions
 d - a potion of cancellation {unknown}
 e - 2 potions of curing
 f - 2 potions of agility {unknown}
 g - a potion of magic {unknown}
 k - a potion of mutation {unknown}
 o - 3 potions of haste
 p - 2 potions of flight {unknown}
 q - 2 potions of invisibility {unknown}
 r - a potion of lignification {unknown}
 x - a potion of brilliance {unknown}
Comestibles
 c - 6 rations
 v - 4 chunks of flesh


   Skills:
 * Level 6.1 Fighting
 * Level 4.9 Axes
 + Level 4.1 Armour
 + Level 3.1 Dodging


You had 6 spell levels left.
You didn't know any spells.
Your spell library was empty.

Dungeon Overview and Level Annotations

Branches:
Dungeon (4/15)              Sewer (visited)
 Temple: D:4-7

Altars:
Elyvilon
Nemelex Xobeh

Annotations:
D:4 Grinder


Innate Abilities, Weirdness & Mutations

You are resistant to torment.
Your stone body is resilient. (AC +4)
You are immune to poison.
You resist negative energy. (rN+)
You are resistant to electric shocks. (rElec)
You can survive without breathing.
You are immune to petrification.
You are immune to rotting.


Message History

* * * LOW HITPOINT WARNING * * *
The orc wizard hits you but does no damage.
The orc barely misses you.
You hit the orc wizard.
The orc wizard is severely wounded.
You hit the orc. The orc hits you but does no damage.
The orc wizard barely misses you.
You closely miss the orc wizard.
The orc wizard is severely wounded.
You closely miss the orc. The orc hits you but does no damage.
The orc barely misses you.
The orc wizard points at you and mumbles some strange words.
You resist with some effort.
The orc wizard points at you and mumbles some strange words.
You are confused.
You bump into the rock wall.
The orc hits you but does no damage. The orc closely misses you.
The orc wizard points at you and mumbles some strange words.
The magic dart hits you!
You die...

#.......# ......
#.......# .........
#.<.....# .........
##.......# #........
........#####........
#.#.##)...##........
#.ooo§).............
#.#####o##..............
#.....o@##.....(..###...
##########..5.....###.##
#...........#.#
#...........#.#
#.............#
#...........###
#.........÷÷#
#...........#
#..........÷####


You could see 2 orc priests, an orc wizard and 2 orcs.

Vanquished Creatures
  Purgy (Sewer)
  An ogre (D:4)
  2 scorpions (D:4)
  2 hounds (D:4)
  2 orc wizards (D:4)
  2 worker ants (D:4)
  Ijyb (D:3)
  A hound skeleton (D:4)
  7 adders
  A river rat (D:3)
  3 oozes (D:3)
  4 worms
  A dart slug (D:1)
  2 leopard geckos
  4 orcs
  2 ball pythons
  4 giant cockroaches
  16 goblins
  4 hobgoblins
  10 jackals
  11 kobolds
  3 quokkas
  3 bats
  4 frilled lizards
  A quokka skeleton (D:4)
  6 rats
98 creatures vanquished.

Notes
Turn   | Place    | Note
-------+----------+-------------------------------------------
     0 | D:1      | Fang the Gargoyle Berserker began the quest for the Orb.
     0 | D:1      | Reached XP level 1. HP: 14/14 MP: 1/1
    55 | D:1      | Reached XP level 2. HP: 12/19 MP: 2/2
   425 | D:1      | Reached XP level 3. HP: 23/23 MP: 3/3
   547 | D:2      | Reached ** piety under Trog
   835 | D:2      | You fall into a shaft and drop 1 floor!
   850 | D:3      | Noticed Ijyb
   864 | D:3      | Killed Ijyb
   864 | D:3      | Reached skill level 4 in Fighting
   864 | D:3      | Reached XP level 4. HP: 29/29 MP: 4/4
   931 | D:3      | Found a sparkling altar of Nemelex Xobeh.
  1180 | D:3      | Found a white marble altar of Elyvilon.
  1195 | D:3      | Reached *** piety under Trog
  1198 | D:3      | Reached XP level 5. HP: 34/34 MP: 5/5
  1429 | D:3      | Found a glowing drain.
  1433 | Sewer    | Entered a sewer
  1475 | Sewer    | Noticed Purgy
  1486 | Sewer    | Killed Purgy
  1486 | Sewer    | Reached XP level 6. HP: 35/40 MP: 6/6
  1727 | D:2      | Reached skill level 5 in Fighting
  1905 | D:2      | Found a faded altar of an unknown god.
  2177 | D:4      | Found a sparkling altar of Nemelex Xobeh.
  2218 | D:4      | Reached XP level 7. HP: 20/44 MP: 7/7
  2662 | D:4      | Reached skill level 6 in Fighting
  2689 | D:4      | Noticed Grinder
  2694 | D:4      | Reached **** piety under Trog
  2718 | D:4      | Killed from afar by an orc wizard

Skill      XL: |  1  2  3  4  5  6  7 |
---------------+----------------------+-----
Axes           | 3 4 |  4.9
Dodging        | 2 3 |  3.1
Fighting       | 4 5 6 |  6.1
Armour         | 3 4 |  4.1

Action                   |  1- 3 |  4- 6 |  7- 9 || total
-------------------------+-------+-------+-------++-------
Melee: Hand axe          |    96 |   208 |    83 ||   387
Invok: Berserk           |     1 |     2 |     1 ||     4
  Use: Potion            |       |       |     3 ||     3
  Eat: Chunk             |       |     6 |     3 ||     9
Armor: Animal skin       |    32 |       |       ||    32
       Chain mail        |       |   129 |    81 ||   210
Dodge: Dodged            |    73 |    93 |    56 ||   222
